[Event "*** Titled Tuesday 3|2 Blitz"]
[Site "Chess.com"]
[Date "2017.03.07"]
[Round "6"]
[White "A-Fier"]
[Black "Malev212"]
[Result "0-1"]
[WhiteElo "2510"]
[BlackElo "2488"]
[TimeControl "180+2"]
[EndTime "14:21:14 PST"]
[Termination "Malev212 won by checkmate"]

1. d4 e6 2. c4 f5 3. Nc3 Nf6 4. Bf4 Bb4 5. e3 Bxc3+ 6. bxc3 O-O 7. Nf3 d6 8. h3 b6 9. Be2 Qe7 10. O-O Nc6 11. d5 Na5 12. dxe6 Bxe6 13. Nd4 Bd7 14.
Bd3 Ne4 15. Qc2 Qf6 16. Bxe4 fxe4 17. Qxe4 Nxc4 18. Qd5+ Qf7 19. Qxf7+ Rxf7 20. Bh2 Re8 21. Rfe1 c5 22. Ne2 Bc6 23. Nf4 g5 24. Nh5 h6 25.
Rad1 Re6 26. Kh1 Rxf2 27. Ng3 Rxe3 28. Rxe3 Nxe3 29. Rxd6 Bxg2+ 30. Kg1 Rxa2 31. Nh5 Bf3 32. Nf6+ Kf7 33. Nd7 Rg2+ 34. Kh1 Rf2+ 35. Kg1 Rf1# 0-1

[Event "*** Titled Tuesday 3|2 Blitz"]
[Site "Chess.com"]
[Date "2017.03.07"]
[Round "6"]
[White "Saitama_Hero"]
[Black "Outsmiter"]
[Result "0-1"]
[WhiteElo "2226"]
[BlackElo "2091"]
[TimeControl "180+2"]
[EndTime "14:21:47 PST"]
[Termination "Outsmiter won by checkmate"]

1. d4 d6 2. e4 Nf6 3. Nc3 g6 4.
Be3 Bg7 5. Qd2 O-O 6. O-O-O a6 7. f3 b5 8. Bh6 Bb7 9. h4 Nbd7 10. h5 e5 11.
Bxg7 Kxg7 12. hxg6 fxg6 13. dxe5 Nxe5 14. Qh6+ Kg8 15.
Nh3 Nf7 16. Qd2 Qe7 17. Nf4 Rad8 18. a4 b4 19. Nce2 c5 20. Qe1 d5 21. exd5 Nxd5 22.
Nxd5 Rxd5 23. Rxd5 Bxd5 24. Qd2 Rd8 25. Nf4 Bxf3 26.
Qf2 Rd1# 0-1

[Event "*** Titled Tuesday 3|2 Blitz"]
[Site "Chess.com"]
[Date "2017.03.07"]
[Round "6"]
[White "Feegus"]
[Black "Izoria123"]
[Result "0-1"]
[WhiteElo "2389"]
[BlackElo "2560"]
[TimeControl "180+2"]
[EndTime "14:21:48 PST"]
[Termination "Izoria123 won by resignation"]

1. Nf3 g6 2. g3 Bg7 3. Bg2 e5 4.
d3 d5 5. Nbd2 Ne7 6. e4 Nbc6 7.
O-O O-O 8. Re1 a5 9. exd5 Nxd5 10. Nc4 Re8 11. Bg5 f6 12. Bd2 Be6 13. a4 Qd7 14. Ra3 b6 15. Rb3 Rad8 16. Qc1 Ndb4 17. Ra3 Bxc4 18. dxc4 e4 19. Rae3 exf3 20. Bxf3 Ne5 21.
Bxb4 Nxf3+ 22. Rxf3 axb4 23. Rfe3 Rxe3 24. Qxe3 Bf8 25.
Qf3 Kg7 26. Kg2 Bc5 27. h4 h5 28. b3 Re8 29. Rd1 Qe6 30. Kh2 Re7 31. Rd2 Qe4 32.
Qd1 Qe1 0-1

[Event "*** Titled Tuesday 3|2 Blitz"]
[Site "Chess.com"]
[Date "2017.03.07"]
[Round "6"]
[White "Blitzstream"]
[Black "littleozy"]
[Result "0-1"]
[WhiteElo "2465"]
[BlackElo "2303"]
[TimeControl "180+2"]
[EndTime "14:21:48 PST"]
[Termination "littleozy won by resignation"]

1. d4 c5 2. c3 cxd4 3. cxd4 d5 4.
Nc3 Nf6 5. Nf3 Nc6 6. Bf4 e6 7. e3 a6 8. Bd3 Be7 9. O-O O-O 10. Rc1 Bd7 11. Na4 Rc8 12. Nc5 Qb6 13. Bg5 Rfd8 14. b3 Be8 15. Bb1 h6 16. Bf4 Qa7 17. Qd3 Nb4 18. Qd2 b6 19. Nd3 Ne4 20. Qe2 Nc3 21. Rxc3 Rxc3 22. Nxb4 Bxb4 23. Ne5 f5 24. g4 Bb5 25. Qf3 Bxf1 26. gxf5 Rc1 27. e4 Rxb1 0-1

[Event "*** Titled Tuesday 3|2 Blitz"]
[Site "Chess.com"]
[Date "2017.03.07"]
[Round "6"]
[White "Schoenbrunn"]
[Black "Jadeit90"]
[Result "0-1"]
[WhiteElo "1862"]
[BlackElo "2154"]
[TimeControl "180+2"]
[EndTime "14:21:52 PST"]
[Termination "Jadeit90 won on time"]

1. e4 g6 2. d4 Bg7 3. Nf3 c5 4.
dxc5 Qa5+ 5. Nc3 Bxc3+ 6. bxc3 Qxc3+ 7. Bd2 Qxc5 8. Bd3 Nf6 9. O-O O-O 10. c4 Nc6 11. e5 Ng4 12. Bc3 Ncxe5 13. Nxe5 Nxe5 14. Be2 d6 15. Kh1 Be6 16. f4 Nxc4 17. Rf3 Ne3 18.
Qd3 Nf5 19. g4 Nh4 20. Rh3 Bd5+ 21. Bf3 Bxf3+ 22. Rxf3 Nxf3 23. Qxf3 Qc6 0-1

[Event "*** Titled Tuesday 3|2 Blitz"]
[Site "Chess.com"]
[Date "2017.03.07"]
[Round "6"]
[White "Lupul_Cenusiu"]
[Black "chessking2151"]
[Result "1-0"]
[WhiteElo "2413"]
[BlackElo "2369"]
[TimeControl "180+2"]
[EndTime "14:21:57 PST"]
[Termination "Lupul_Cenusiu won by resignation"]

1. d4 Nf6 2. c4 c5 3. d5 b5 4. Qc2 bxc4 5. e4 e6 6. Bxc4 exd5 7. exd5 Be7 8. Ne2 O-O 9. O-O d6 10.
Nd2 Na6 11. Nc3 Nb4 12. Qb1 g6 13. a3 Bf5 14. Nde4 Nxe4 15. Nxe4 Qb6 16. axb4 Qxb4 17. b3 Rfb8 18. Qd3 Bf8 19. Bb2 Bxe4 20. Qxe4 Qd2 21. Rab1 Re8 22. Qd3 Qg5 23. Qc3 Qe5 24. Qxe5 dxe5 25.
f3 Bd6 26. Bc3 f5 27. Ra1 Re7 28. Ra6 Rd8 29. Rfa1 e4 30. Rxa7 Rxa7 31. Rxa7 e3 32. g3 Re8 33. Kf1 1-0

[Event "*** Titled Tuesday 3|2 Blitz"]
[Site "Chess.com"]
[Date "2017.03.07"]
[Round "6"]
[White "Beca95"]
[Black "morphy1984"]
[Result "1-0"]
[WhiteElo "2688"]
[BlackElo "2487"]
[TimeControl "180+2"]
[EndTime "14:22:05 PST"]
[Termination "Beca95 won by resignation"]

1. d4 f5 2. Nf3 Nf6 3. h3 d6 4.
Bf4 g6 5. e3 Bg7 6. Bc4 e6 7.
g4 Qe7 8. gxf5 exf5 9. Nc3 Nc6 10. a3 a6 11. Ba2 Bd7 12. b4 O-O-O 13. Rb1 Ne4 14.
Nd5 Qf8 15. b5 axb5 16. Rxb5 Ne7 17. Ra5 Kb8 18. Qb1 Bc6 19. Nb4 Nc3 20. Na6+ Kc8 21. Be6+ Bd7 22. Nc5 1-0

[Event "*** Titled Tuesday 3|2 Blitz"]
[Site "Chess.com"]
[Date "2017.03.07"]
[Round "6"]
[White "TheNextLevelFan"]
[Black "TheCount"]
[Result "1-0"]
[WhiteElo "2392"]
[BlackElo "2549"]
[TimeControl "180+2"]
[EndTime "14:22:17 PST"]
[Termination "TheNextLevelFan won by resignation"]

1. d4 Nf6 2. Nf3 g6 3. c4 Bg7 4. Nc3 d5 5. Bf4 O-O 6. Rc1 Be6 7. c5 b6 8. e3 bxc5 9. dxc5 c6 10. Qa4 Nfd7 11.
Qa3 Bg4 12. Be2 e5 13. Bg5 f6 14. Bh4 a5 15. h3 Bxf3 16. Bxf3 Na6 17. Nxd5 cxd5 18.
Bxd5+ Kh8 19. Bxa8 Qxa8 20. O-O Qc6 21. Qxa5 Rb8 22. Rfd1 Rxb2 23. Rd6 Qe4 24. Rxd7 1-0

[Event "*** Titled Tuesday 3|2 Blitz"]
[Site "Chess.com"]
[Date "2017.03.07"]
[Round "6"]
[White "JaimeSantosLatasa"]
[Black "manubibi"]
[Result "0-1"]
[WhiteElo "2573"]
[BlackElo "2400"]
[TimeControl "180+2"]
[EndTime "14:22:32 PST"]
[Termination "manubibi won by resignation"]

1. e4 c5 2. Nf3 d6 3. d4 cxd4 4.
Nxd4 Nf6 5. Nc3 a6 6. h3 e6 7. g4 b5 8. Bg2 Bb7 9. O-O Qc7 10. g5 Nfd7 11. h4 Be7 12. a3 O-O 13. Nce2 Nc6 14. c3 Rfe8 15. Ng3 Rad8 16. f4 Bf8 17. Be3 Nb6 18.
Qe2 e5 19. Nxc6 Bxc6 20. f5 d5 21. Rad1 d4 22. cxd4 exd4 23. Bf4 Bd6 24. Bxd6 Qxd6 25. Qf2 Nc4 26. f6 g6 27. Ne2 d3 28. Nc3 d2 29.
Nd5 Bxd5 30. exd5 Ne3 31. Rxd2 Nxf1 32. Kxf1 Re5 33. Kg1 Rde8 34. Bf3 h6 35. gxh6 Qxf6 36. d6 Rd8 37. d7 Re7 38. h5 Rexd7 39. Rxd7 Rxd7 0-1

[Event "*** Titled Tuesday 3|2 Blitz"]
[Site "Chess.com"]
[Date "2017.03.07"]
[Round "6"]
[White "rasmussvane"]
[Black "workhard91"]
[Result "1-0"]
[WhiteElo "2526"]
[BlackElo "2231"]
[TimeControl "180+2"]
[EndTime "14:22:33 PST"]
[Termination "rasmussvane won by resignation"]

1. Nf3 c5 2. c4 Nc6 3. Nc3 g6 4.
e3 Nf6 5. d4 cxd4 6. exd4 d5 7.
cxd5 Nxd5 8. Qb3 e6 9. Bb5 Bg7 10. O-O O-O 11. Bxc6 bxc6 12. Na4 Qd6 13. Re1 Rb8 14.
Qd1 h6 15. Bd2 Rd8 16. Rc1 Kh7 17. Ne5 Bxe5 18. dxe5 Qc7 19. Qe2 Rb5 20. Rc4 Ba6 21. Rh4 Rxb2 22. Qd1 Rxd2 23. Qxd2 g5 24. Qxg5 1-0

[Event "*** Titled Tuesday 3|2 Blitz"]
[Site "Chess.com"]
[Date "2017.03.07"]
[Round "6"]
[White "AlexanderL"]
[Black "IMcoach"]
[Result "1-0"]
[WhiteElo "2558"]
[BlackElo "2311"]
[TimeControl "180+2"]
[EndTime "14:22:38 PST"]
[Termination "AlexanderL won by resignation"]

1. b4 d5 2. Bb2 Bg4 3. c4 d4 4. Qc2 Nf6 5. Nf3 Bxf3 6. exf3 e5 7. a3 a5 8. b5 Nbd7 9. d3 a4 10. Nd2 Nc5 11. g3 g6 12. Bg2 Bh6 13. Bc1 O-O 14. Ne4 Bxc1 15. Nxc5 Bxa3 16. Rxa3 Qd6 17. Rxa4 Qxc5 18. O-O Ra7 19. Rxa7 Qxa7 20. Qd2 Ra8 21. f4 exf4 22. Qxf4 Kg7 23. Qxc7 b6 24.
Qd6 Re8 25. Qxd4 Qa5 26. g4 h5 27. g5 1-0

[Event "*** Titled Tuesday 3|2 Blitz"]
[Site "Chess.com"]
[Date "2017.03.07"]
[Round "6"]
[White "Jahonas"]
[Black "kereswasbest"]
[Result "0-1"]
[WhiteElo "2167"]
[BlackElo "2044"]
[TimeControl "180+2"]
[EndTime "14:23:07 PST"]
[Termination "kereswasbest won by resignation"]

1. d4 Nf6 2. c4 g6 3. Nf3 Bg7 4. Nc3 d5 5. cxd5 Nxd5 6. e4 Nxc3 7.
bxc3 O-O 8. Rb1 c5 9. Be3 Nc6 10. Be2 Bg4 11. O-O Bxf3 12. Bxf3 cxd4 13. cxd4 Bxd4 14.
Bxd4 Nxd4 15. Rxb7 e5 16. Qd3 Qa5 17. a3 Rab8 18.
Rfb1 Nxf3+ 19. gxf3 Rbd8 20. Qb3 Qd2 21. Rxa7 Rd3 22.
Qc4 Rxf3 23. Rf1 Qg5+ 24. Kh1 Qf4 25. Qe2 Rd8 26. Rc7 Rh3 0-1

[Event "*** Titled Tuesday 3|2 Blitz"]
[Site "Chess.com"]
[Date "2017.03.07"]
[Round "6"]
[White "GMMelik"]
[Black "Andrejkin"]
[Result "1/2-1/2"]
[WhiteElo "2422"]
[BlackElo "2265"]
[TimeControl "180+2"]
[EndTime "14:23:17 PST"]
[Termination "Game drawn by agreement"]

1. e4 e5 2. Nf3 Nc6 3. Bb5 Nf6 4.
O-O Nxe4 5. d4 Nd6 6. dxe5 Nxb5 7. a4 Nbd4 8. Nxd4 Nxd4 9. Qxd4 d5 10. Qd3 g6 11. Qg3 Bf5 12. Bg5 Be7 13. Bxe7 Qxe7 14. c3 O-O 15. Nd2 Rad8 16. Nf3 c5 17. Nh4 Qe6 18. Rfd1 Rfe8 19. f4 Be4 20. Nf3 Bxf3 21. Qxf3 b6 22. Rd2 Rd7 23. a5 Red8 24. axb6 axb6 25. Rad1 d4 26. h3 Kg7 27. Rd3 b5 28. Qe4 dxc3 29. Rxd7 Rxd7 30. Rxd7 Qxd7 31. bxc3 h6 32. Kh2 Qc8 33. Qe3 Kh7 34. g4 Kg7 35. f5 gxf5 36. gxf5 Qxf5 37. Qxc5 Qc2+ 38. Kg3 Qd3+ 39.
Kh2 Qe2+ 40. Kg3 Qd3+ 41. Kh2 1/2-1/2

[Event "*** Titled Tuesday 3|2 Blitz"]
[Site "Chess.com"]
[Date "2017.03.07"]
[Round "6"]
[White "JSMastropiero"]
[Black "HouseOfDurin"]
[Result "1-0"]
[WhiteElo "2195"]
[BlackElo "1863"]
[TimeControl "180+2"]
[EndTime "14:23:17 PST"]
[Termination "JSMastropiero won on time"]

1. d4 Nf6 2. c4 c5 3. d5 b5 4. cxb5 a6 5. bxa6 Bxa6 6. Nc3 d6 7.
e4 Bxf1 8. Kxf1 Nbd7 9. g3 g6 10. Kg2 Bg7 11. Nf3 O-O 12. a4 Qa5 13. Ra3 Rfb8 14. Qc2 Qb4 15. Re1 Ng4 16. Nb5 Nge5 17. Bd2 Qc4 18. Bc3 Nxf3 19. Kxf3 Ne5+ 20. Kg2 Nd3 21.
Re3 Nb4 22. Qd1 Bxc3 23. Nxc3 Na6 24. Nb5 Nb4 25. Qb3 Nc2 26. Qxc4 Nxe3+ 27. Rxe3 1-0

[Event "*** Titled Tuesday 3|2 Blitz"]
[Site "Chess.com"]
[Date "2017.03.07"]
[Round "6"]
[White "Cayse"]
[Black "Dlugy"]
[Result "1-0"]
[WhiteElo "2568"]
[BlackElo "2653"]
[TimeControl "180+2"]
[EndTime "14:23:24 PST"]
[Termination "Cayse won by resignation"]

1. e4 c5 2. Nf3 d6 3. d4 cxd4 4. Nxd4 Nf6 5. Nc3 Nc6 6. Be2 e5 7.
Nb3 Be7 8. Bg5 O-O 9. Qd3 a5 10.
Bxf6 Bxf6 11. Nd5 a4 12. Nd2 Bg5 13. Nc4 Be6 14. c3 b5 15. Na3 Bxd5 16. Qxd5 b4 17. Nc4 Ne7 18. Qxd6 bxc3 19. bxc3 Qxd6 20. Nxd6 Rfd8 21. Rd1 Nc8 22. Nc4 Rxd1+ 23. Bxd1 f6 24. h4 Bc1 25. Bg4 Ne7 26. Ke2 Bh6 27. Rb1 Kf8 28.
Rb7 a3 29. Be6 Bc1 30. Kd1 Bf4 31. g3 Bh6 32. Kc2 g6 33. Kb3 Bc1 34. Nb6 Ra6 35. Nd7+ Kg7 36. Nc5 1-0

[Event "*** Titled Tuesday 3|2 Blitz"]
[Site "Chess.com"]
[Date "2017.03.07"]
[Round "6"]
[White "Makalexa"]
[Black "HaryKane"]
[Result "0-1"]
[WhiteElo "2127"]
[BlackElo "2289"]
[TimeControl "180+2"]
[EndTime "14:23:25 PST"]
[Termination "HaryKane won by resignation"]

1. e4 c5 2. Nf3 Nc6 3. d4 cxd4 4.
Nxd4 g6 5. c4 Bg7 6. Nc2 e6 7. Nc3 Nge7 8. Be2 O-O 9. O-O b6 10. Bg5 h6 11. Be3 Bb7 12. Qd2 Kh7 13. f3 Rc8 14. Rac1 f5 15. Rfd1 Ne5 16. b3 fxe4 17. Nxe4 Nf5 18. Bf2 d5 19. cxd5 exd5 20. Ng3 Nh4 21. Nd4 Qf6 22. Rxc8 Bxc8 23. Qc2 Ng4 24.
Nh5 Qg5 25. fxg4 Bxg4 26. Bxg4 Qxg4 27. Bxh4 Bxd4+ 28. Rxd4 Qxd4+ 29. Bf2 Qa1+ 0-1

[Event "*** Titled Tuesday 3|2 Blitz"]
[Site "Chess.com"]
[Date "2017.03.07"]
[Round "6"]
[White "Incognito_Knight"]
[Black "Hunninn"]
[Result "0-1"]
[WhiteElo "2401"]
[BlackElo "2437"]
[TimeControl "180+2"]
[EndTime "14:23:26 PST"]
[Termination "Hunninn won by resignation"]

1. e4 e5 2. Nf3 Nc6 3. Bb5 Nge7 4.
c3 d6 5. d4 Bd7 6. O-O Ng6 7.
Re1 Be7 8. d5 Nb8 9. Bd3 O-O 10.
Nbd2 f5 11. exf5 Bxf5 12. Bxf5 Rxf5 13. Ne4 Nd7 14. Qd3 Nf4 15. Bxf4 Rxf4 16. Rad1 h6 17. Nfd2 Qe8 18. Nf1 Qg6 19. Nfg3 h5 20. Nc5 e4 21. Ncxe4 Ne5 22. Qe2 h4 23. Nf1 Nf3+ 24. Kh1 Nxe1 25.
Rxe1 Rf5 26. Ne3 Re5 27. f3 Bg5 28. Ng4 Re7 29. Qd3 Qf7 30. Rd1 Bf4 31. h3 Rae8 32. Nef6+ gxf6 0-1

[Event "*** Titled Tuesday 3|2 Blitz"]
[Site "Chess.com"]
[Date "2017.03.07"]
[Round "6"]
[White "VerdeNotte"]
[Black "TenisMaster"]
[Result "1-0"]
[WhiteElo "2587"]
[BlackElo "2600"]
[TimeControl "180+2"]
[EndTime "14:23:33 PST"]
[Termination "VerdeNotte won by resignation"]

1. e4 e5 2. Nf3 Nc6 3. Bc4 Bc5 4.
d3 Nf6 5. h3 d6 6. a3 h6 7. Nc3 a6 8. Be3 Bxe3 9. fxe3 Be6 10. Bxe6 fxe6 11. d4 O-O 12. Qd3 exd4 13. exd4 Nh5 14.
O-O-O Kh8 15. Ne2 e5 16. d5 Nb8 17. g3 Nd7 18. Kb1 Nc5 19. Qe3 Qe7 20. Rdf1 Rf6 21. Nh4 Raf8 22. Rf5 Qe8 23. g4 Nf4 24. Nxf4 exf4 25.
Qxf4 Nxe4 26. Rxf6 Rxf6 27. Qe3 Rf2 28. Re1 Nd2+ 29. Qxd2 1-0

[Event "*** Titled Tuesday 3|2 Blitz"]
[Site "Chess.com"]
[Date "2017.03.07"]
[Round "6"]
[White "Hanging_pointer"]
[Black "MateusViageiro"]
[Result "1-0"]
[WhiteElo "2283"]
[BlackElo "2215"]
[TimeControl "180+2"]
[EndTime "14:23:33 PST"]
[Termination "Hanging_pointer won by resignation"]

1. e4 c5 2. Nf3 d6 3. d4 cxd4 4.
Nxd4 Nf6 5. Nc3 a6 6. Bg5 e6 7. f4 Be7 8. Qf3 Nbd7 9. O-O-O Qc7 10. g4 b5 11. Bxf6 Nxf6 12. g5 Nd7 13. h4 b4 14.
Nce2 Nc5 15. Ng3 Bb7 16. Kb1 Rc8 17. Bd3 Qb6 18. Nb3 a5 19. f5 a4 20. Nxc5 dxc5 21. Bc4 O-O 22. f6 Bd6 23. fxg7 Rfd8 24. Rdf1 Rd7 25.
Nh5 Be5 26. Nf6+ Bxf6 27. Qxf6 Rcd8 28. g6 hxg6 29. h5 Qd6 30. Bd3 e5 31. Qf3 b3 32.
hxg6 bxc2+ 33. Bxc2 fxg6 34. Qh3 Qd1+ 35. Rxd1 Rxd1+ 36. Rxd1 Rxd1+ 37. Bxd1 Bxe4+ 1-0

[Event "*** Titled Tuesday 3|2 Blitz"]
[Site "Chess.com"]
[Date "2017.03.07"]
[Round "6"]
[White "bancsoo"]
[Black "denizozen"]
[Result "1-0"]
[WhiteElo "2628"]
[BlackElo "2467"]
[TimeControl "180+2"]
[EndTime "14:23:41 PST"]
[Termination "bancsoo won by resignation"]

1. Nf3 d5 2. g3 c6 3. Bg2 Nf6 4.
O-O Bg4 5. h3 Bxf3 6. Bxf3 e5 7.
d3 Nbd7 8. e4 dxe4 9. dxe4 Bc5 10. Nd2 O-O 11. Qe2 Qc7 12. a4 a5 13. Nc4 b5 14. Ne3 Rab8 15. h4 Rfd8 16. Kg2 Nf8 17. Nf5 Ne6 18. c3 Qd7 19. axb5 Rxb5 20. Bg5 Nxg5 21.
hxg5 Ne8 22. Rfd1 Qc7 23. Rxd8 Qxd8 24. Rd1 Qc7 25. Rd2 Nd6 26. Nxd6 Bxd6 27. Qd1 Bf8 28.
Rd7 Qb6 29. Bh5 g6 30. Qf3 f5 31. exf5 e4 32. Qxe4 Rxf5 33. Qe6+ Kh8 34. Rxh7+ 1-0

[Event "*** Titled Tuesday 3|2 Blitz"]
[Site "Chess.com"]
[Date "2017.03.07"]
[Round "6"]
[White "gkchesstiger"]
[Black "kleinebeer98"]
[Result "1-0"]
[WhiteElo "2662"]
[BlackElo "2470"]
[TimeControl "180+2"]
[EndTime "14:23:44 PST"]
[Termination "gkchesstiger won on time"]

1. b3 e5 2. Bb2 Nc6 3. g3 h5 4. h3 h4 5. g4 d5 6. e3 f5 7. Bb5 Bd6 8. Nc3 Nf6 9. g5 Ne4 10.
Nf3 Nxg5 11. Nxd5 Be6 12. Nc3 Qf6 13. Qe2 Ne4 14. O-O-O Bd7 15. Rhg1 a6 16. Bc4 Nxc3 17. Bxc3 O-O-O 18. Ng5 Be8 19. Kb1 Kb8 20. Rdf1 Bh5 21. f3 Rhe8 22. Qf2 Bb4 23. Qxh4 Bxc3 24. dxc3 Bg6 25. e4 f4 26. Qf2 Rh8 27. h4 Na5 28.
Bd5 c6 29. Be6 Rd6 30. Qc5 Qd8 31. Bf5 Bxf5 32. Nf7 1-0

[Event "*** Titled Tuesday 3|2 Blitz"]
[Site "Chess.com"]
[Date "2017.03.07"]
[Round "6"]
[White "poummba"]
[Black "Elshan1985"]
[Result "0-1"]
[WhiteElo "2357"]
[BlackElo "2493"]
[TimeControl "180+2"]
[EndTime "14:23:44 PST"]
[Termination "Elshan1985 won by resignation"]

1. e4 b6 2. d4 Bb7 3. Bd3 e6 4.
Qe2 c5 5. d5 Be7 6. c4 d6 7. Nc3 Nd7 8. Nf3 Ngf6 9. dxe6 fxe6 10. e5 Nxe5 11. Nxe5 dxe5 12. O-O O-O 13. Bg5 Qc7 14.
Rae1 Rad8 15. Bc2 Rd4 16. Qxe5 Qxe5 17. Rxe5 Nd7 18. Bxe7 Nxe5 19. Bxf8 Rg4 20. Ne4 Bxe4 21. Bxe4 Rxe4 22. Be7 Nxc4 23. b3 Nb2 24. Bd6 Nd3 25. Bb8 a6 26. Rd1 b5 27. f3 Re1+ 28. Rxe1 Nxe1 29. Kf1 Nc2 30. Ke2 Kf7 31. Ba7 c4 32.
bxc4 bxc4 33. Kd2 Nb4 34. a3 Nd5 35. Bd4 g5 36. g4 Kg6 37. Kc2 h5 38. h3 h4 39. Kd2 Kf7 40. Kc2 Ke7 41. Kb2 Kd6 42. Kc2 e5 0-1

[Event "*** Titled Tuesday 3|2 Blitz"]
[Site "Chess.com"]
[Date "2017.03.07"]
[Round "6"]
[White "Alex_Molchanov"]
[Black "GMCanty"]
[Result "0-1"]
[WhiteElo "2466"]
[BlackElo "2354"]
[TimeControl "180+2"]
[EndTime "14:23:46 PST"]
[Termination "GMCanty won by checkmate"]

1. d4 Nf6 2. c4 e6 3. Nf3 c5 4. d5 d6 5. Nc3 e5 6. e4 Be7 7. h3 a6 8. Be2 Nbd7 9. O-O Nf8 10. a3 h5 11. b4 b6 12. bxc5 bxc5 13. Rb1 Ng6 14. Na4 Nd7 15. Bd2 Nf4 16. Re1 g5 17. Nh2 Rb8 18. Bf1 Rxb1 19. Qxb1 g4 20. h4 Bxh4 21. g3 Rg8 22. gxh4 g3 23. fxg3 Rxg3+ 24. Kh1 Qxh4 25. Bxf4 Qxf4 26. Nb2 Qf2 27. Bd3 Qg2# 0-1

[Event "*** Titled Tuesday 3|2 Blitz"]
[Site "Chess.com"]
[Date "2017.03.07"]
[Round "6"]
[White "Rating-Schmating"]
[Black "saraswathii"]
[Result "1-0"]
[WhiteElo "2272"]
[BlackElo "2145"]
[TimeControl "180+2"]
[EndTime "14:23:50 PST"]
[Termination "Rating-Schmating won by resignation"]

1. e4 c5 2. Nf3 e6 3. d4 cxd4 4. Nxd4 Nf6 5. Bd3 Nc6 6. Nxc6 bxc6 7. c4 d5 8. cxd5 cxd5 9. exd5 Qxd5 10. O-O Bb7 11.
f3 Bc5+ 12. Kh1 O-O 13. Nc3 Qh5 14. Bf4 Rad8 15. Qe2 e5 16. Bg3 Rfe8 17. Ne4 Nxe4 18.
Bxe4 Bxe4 19. Qxe4 Bd4 20. Qe2 f5 21. Bf2 e4 22.
Qc4+ Qf7 23. Qxf7+ Kxf7 24. fxe4 Rxe4 25. Bxd4 Rdxd4 26. Rxf5+ Ke6 27. Rf2 Rf4 28. Re1+ Rde4 29. Rxe4+ Rxe4 30. g3 h5 31. Kg2 g6 32. Kf3 Re1 33. Re2+ Rxe2 34. Kxe2 Kf5 35. Kf3 Ke5 36. h4 a5 37.
Ke3 Kf5 38. b3 Kg4 39. Kf2 Kf5 40. Kf3 Ke5 41. a3 Kd4 42. b4 axb4 43. axb4 Kc4 44. Kf4 Kxb4 45. Kg5 Kc5 46. Kxg6 Kd4 47. Kxh5 1-0

[Event "*** Titled Tuesday 3|2 Blitz"]
[Site "Chess.com"]
[Date "2017.03.07"]
[Round "6"]
[White "jcibarra"]
[Black "VMikhalevski"]
[Result "1-0"]
[WhiteElo "2682"]
[BlackElo "2546"]
[TimeControl "180+2"]
[EndTime "14:23:54 PST"]
[Termination "jcibarra won by resignation"]

1. e4 e5 2. Nf3 Nc6 3. Bb5 a6 4.
Bxc6 dxc6 5. O-O Bg4 6. h3 h5 7. d3 Qf6 8. Nbd2 Ne7 9. Re1 Ng6 10. d4 Bd6 11. hxg4 hxg4 12. Nh2 Qh4 13. Ndf1 exd4 14. g3 Qh7 15. Qxg4 Kf8 16. f4 Re8 17. Bd2 f6 18. Re2 c5 19. Rae1 c4 20. Qf5 Ne7 21. Qxh7 Rxh7 22. Nf3 c5 23. c3 Nc6 24. Rh2 Rxh2 25. N1xh2 b5 26. Kf2 b4 27. Rc1 dxc3 28. bxc3 Rxe4 29. Nh4 b3 30. Nf5 Bc7 31. Be3 Kf7 32. Nf3 Bb6 33. Nd6+ Ke6 34. Nxe4 Kd5 35. Ned2 Na5 36. axb3 cxb3 37. c4+ Kc6 38. Rb1 1-0

[Event "*** Titled Tuesday 3|2 Blitz"]
[Site "Chess.com"]
[Date "2017.03.07"]
[Round "6"]
[White "MyleneFarmer"]
[Black "silverback96"]
[Result "0-1"]
[WhiteElo "2353"]
[BlackElo "2083"]
[TimeControl "180+2"]
[EndTime "14:23:54 PST"]
[Termination "silverback96 won by checkmate"]

1. d4 Nf6 2. c4 c5 3. d5 b5 4.
cxb5 a6 5. bxa6 g6 6. Nc3 Bg7 7. e4 O-O 8. Nf3 Qa5 9. Bd2 Bxa6 10. Bxa6 Qxa6 11. Qe2 e6 12. Qxa6 Nxa6 13. dxe6 fxe6 14. O-O Rab8 15. b3 d5 16. exd5 exd5 17. Rac1 Rfd8 18. Bf4 Rb4 19. Be5 Ne4 20. Na4 Bxe5 21. Nxe5 Re8 22. Nd3 Rb5 23. Rfe1 Rc8 24. f3 Nd6 25. Naxc5 Nxc5 26.
Nxc5 Rbxc5 27. Rxc5 Rxc5 28. Re7 Rc1+ 29. Kf2 Rc2+ 30.
Kf1 Rxa2 31. Rd7 Nf5 32. g4 Ne3+ 33. Kg1 Rg2+ 34. Kh1 Rd2 35. h4 Nc2 36. h5 Ne1 37.
h6 Nxf3 38. Rg7+ Kf8 39. Rxh7 Rh2# 0-1

[Event "*** Titled Tuesday 3|2 Blitz"]
[Site "Chess.com"]
[Date "2017.03.07"]
[Round "6"]
[White "cheese111"]
[Black "GMOratovsky"]
[Result "0-1"]
[WhiteElo "2239"]
[BlackElo "2402"]
[TimeControl "180+2"]
[EndTime "14:23:57 PST"]
[Termination "GMOratovsky won on time"]

1. e4 d6 2. d4 Nf6 3. Nc3 e5 4.
dxe5 dxe5 5. Qxd8+ Kxd8 6. Nf3 Bd6 7. Be3 Ke7 8. O-O-O Nc6 9. Nd2 a6 10. Nc4 b5 11. Nxd6 cxd6 12. f3 Be6 13. g4 h6 14. h4 Rac8 15. Kb1 Na5 16. Rh2 Nc4 17. Bc1 b4 18. Na4 d5 19. Bxc4 Rxc4 20. Nb6 Rc5 21. exd5 Nxd5 22. Nxd5+ Rxd5 23. Rxd5 Bxd5 24. f4 h5 25. g5 e4 26. Bd2 a5 27. c3 b3 28.
axb3 Bxb3 29. Be3 Ke6 30. Rd2 Kf5 31. Rd6 g6 32. Bd4 Re8 33. Be5 Kg4 34. Ra6 a4 0-1

[Event "*** Titled Tuesday 3|2 Blitz"]
[Site "Chess.com"]
[Date "2017.03.07"]
[Round "6"]
[White "PelinGorki"]
[Black "ER404"]
[Result "1-0"]
[WhiteElo "2435"]
[BlackElo "2220"]
[TimeControl "180+2"]
[EndTime "14:23:58 PST"]
[Termination "PelinGorki won by resignation"]

1. e4 c6 2. Nc3 d5 3. Nf3 Bg4 4.
h3 Bh5 5. g4 Bg6 6. exd5 cxd5 7. Bb5+ Nc6 8. Ne5 Rc8 9. d4 e6 10. h4 f6 11. Nxg6 hxg6 12. Bd3 Kf7 13. h5 gxh5 14. gxh5 Bb4 15. Bd2 Nge7 16. Ne2 Qb6 17. c3 Bd6 18. Qb1 Na5 19. Bf4 Nc4 20. b3 Na3 21. Bg6+ Kf8 22. Qd3 e5 23. dxe5 fxe5 24. Bg5 e4 25. Bxe7+ Bxe7 26. Qh3 Rc6 27. Qf5+ Bf6 28.
Rc1 e3 29. Qxd5 exf2+ 30. Kf1 Re6 31. Nf4 Re1+ 32. Kg2 Qc6 33. Rhxe1 fxe1=Q 34. Rxe1 Be7 35. c4 Nc2 36. Ne6+ Kg8 37. Bxc2 Qxd5+ 38. cxd5 Rxh5 39. Nf4 Rg5+ 40. Kf3 Bd6 41. Bg6 Be5 42. d6 Kf8 43.
Ne6+ 1-0

[Event "*** Titled Tuesday 3|2 Blitz"]
[Site "Chess.com"]
[Date "2017.03.07"]
[Round "6"]
[White "Alexander_Moskalenko"]
[Black "Astaneh"]
[Result "1-0"]
[WhiteElo "2708"]
[BlackElo "2527"]
[TimeControl "180+2"]
[EndTime "14:23:59 PST"]
[Termination "Alexander_Moskalenko won by resignation"]

1. d4 Nf6 2. Nf3 g6 3. b3 Bg7 4. Bb2 O-O 5. g3 c5 6. Bg2 d5 7. c4 dxc4 8. bxc4 Ne4 9. Nbd2 Qa5 10. O-O Nxd2 11. Nxd2 cxd4 12. Nb3 Qb4 13. Bxd4 Rd8 14. e3 Nc6 15. Bxc6 bxc6 16. Qf3 Qxc4 17. Rac1 Qd5 18. e4 Qb5 19. Bxg7 Kxg7 20. Qc3+ Kg8 21. Nd4 Qh5 22. Nxc6 Re8 23. f3 Bh3 24. Rf2 Rac8 25. Rfc2 Qb5 26. Qe3 Rc7 27. Nd4 Rxc2 28. Nxb5 Rg2+ 29. Kh1 Rxa2 30. Nc3 Rb2 31. Nd1 Ra2 32. Nf2 Be6 33. Qd4 h5 34. Ra1 a6 35.
Rxa2 Bxa2 36. Qa4 1-0

[Event "*** Titled Tuesday 3|2 Blitz"]
[Site "Chess.com"]
[Date "2017.03.07"]
[Round "6"]
[White "peteseeger"]
[Black "FlameOak4464"]
[Result "1-0"]
[WhiteElo "2086"]
[BlackElo "1766"]
[TimeControl "180+2"]
[EndTime "14:24:00 PST"]
[Termination "peteseeger won by resignation"]

1. e4 e5 2. Nf3 Nc6 3. Bc4 Bc5 4. O-O Nf6 5. d3 h6 6. Nbd2 d6 7. c3 O-O 8. Bb3 d5 9. exd5 Nxd5 10. Re1 Nf4 11. d4 exd4 12. Ne4 Bd6 13. Nxd4 Nxd4 14. Qxd4 Ne6 15. Qd1 Be7 16. Qf3 Ng5 17. Bxg5 Bxg5 18.
Rad1 Qe7 19. Nd6 Qf6 20. Nxf7 Qxf3 21. Nxg5+ Kh8 22. Nxf3 Bg4 23. Re7 Bxf3 24. gxf3 Rxf3 25. Rxc7 Raf8 26. Rd2 R8f6 27. Rxb7 Rg6+ 28. Kf1 Rh3 29. Rb8+ Kh7 30. Bg8+ Kh8 31. Be6+ Kh7 32. Bxh3 1-0